[Event "German Bundesliga 2023-24"]
[Site "Germany"]
[Date "2024.02.23"]
[Round "9.8"]
[White "Reuker, Jari"]
[Black "Zelcic, Robert"]
[Result "1-0"]
[ECO "E04"]
[WhiteElo "2403"]
[BlackElo "2476"]
[Annotator "TA"]
[PlyCount "61"]
[EventDate "2023.10.20"]
[EventType "team-tourn"]
[EventCountry "GER"]
[SourceTitle "playchess.com"]
[Source "ChessBase"]
[SourceQuality "1"]
[TimeControl "40/6000+30:3000+30"]

1. d4 Nf6 2. c4 e6 3. Nf3 d5 4. g3 dxc4 5. Bg2 Bb4+ 6. Bd2 a5 7. a3 Be7 8. Qa4+ Nbd7 9. Qxc4 {[%emt 0:06:20] The position is equal.} c5 10. Nc3 O-O 11. dxc5 Nxc5 12. Be3 b6 13. Ne5 {[%emt 0:13:23][%cal Oe3c5] Black must now prevent Bxc5!} Ba6 14. Qa2 Rc8 15. O-O $36 {[%emt 0:04:12][%mdl 2048] White has good play.} Qe8 16. b4 Na4 (16... Bd6 {simplifies} 17. Nxf7 Qxf7 18. bxc5 Bxc5 19. Bxc5 Rxc5 20. Qb2 b5) 17. Nxa4 Qxa4 18. Bxb6 Rc2 19. Qb1 Bxe2 {[%emt 0:00:08] [#]} (19... Nd5 $11 {remains equal.} 20. Bxd5 (20. Bxa5 $2 Nc3 $19) 20... exd5) 20. Re1 ({White should try} 20. Rc1 $1 $16 Rfc8 (20... Rxc1+ 21. Qxc1 Nd5 22. Nc6 $16) 21. Rxc2 Rxc2 22. Bxa5 (22. bxa5 Nd5 $14)) 20... Nd5 $2 (20... Rfc8 $11 {and Black stays safe.}) 21. bxa5 $2 (21. Be4 $18 Rfc8 22. Bxc2 Rxc2 23. Rc1 (23. Bxa5 Nc3 $11) (23. Ra2 Rxa2 24. Qxa2 Bxb4 $16)) 21... Bf6 (21... Rfc8 $11 {keeps the balance.}) 22. Ra2 Rfc8 {[%emt 0:26:16] [#]} (22... Rxa2 $16 {is a better defense.} 23. Qxa2 Nxb6) 23. Nd7 (23. Rxe2 $2 Rc1+ 24. Re1 Rxb1 25. Rxb1 Nc3 $19 (25... Bxe5 $2 26. Bf3 $19)) ({Better is} 23. Rxc2 $1 $18 Rxc2 24. Bxd5 exd5 25. Nd7 (25. Rc1 Rxc1+ 26. Qxc1 h5 $15)) 23... Be7 $2 (23... Rxa2 $16 24. Nxf6+ (24. Qxa2 Bb5 $18) 24... gxf6 25. Qxa2 Rc2) 24. Bxd5 $18 (24. Rxe2 $2 {perishes.} Rc1+ 25. Re1 Rxb1 26. Rxb1 Nc3 $19 (26... Qxd7 $2 27. Rd2 $19)) (24. Nc5 R2xc5 25. Bxc5 (25. Raxe2 Nc3 $11) 25... Bc4 26. Bxd5 Bxa2 27. Qxa2 (27. Qb4 Qxb4 28. axb4 Bxc5 $19) 27... Bxc5 $14) 24... exd5 25. Nc5 (25. Rxe2 $2 {loses.} Rc1+ (25... Bxa3 $2 {too greedy.} 26. Rexc2 Ra8 27. Nc5 $18) 26. Re1 Rxb1 27. Rxb1 Qxd7 $19) 25... R2xc5 26. Raxe2 Bf8 27. Bxc5 Rxc5 28. Re8 Rb5 29. Qf5 {[%emt 0:01:29] White mates.} g6 30. Qc8 Qxa3 {[%emt 0:00:48] [#]} 31. Rxf8+ $1 {[%emt 0:00:17][%mdl 512] Weighted Error Value: White=0.26 (precise) /Black=0.81.  Loses game:     	---       	Black=2      Missed win:     	White=1     	---        Mistake:       	White=2     	Black=3      Inaccurate:     	---       	Black=1      OK:         	White=8     	Black=4      Best:        	White=1     	Black=2} 1-0

[Event "German Bundesliga 2023-24"]
[Site "Germany"]
[Date "2024.02.23"]
[Round "9.9"]
[White "Santos Latasa, Jaime"]
[Black "Eljanov, Pavel"]
[Result "1/2-1/2"]
[ECO "C89"]
[WhiteElo "2615"]
[BlackElo "2695"]
[Annotator "TA"]
[PlyCount "111"]
[EventDate "2023.10.20"]
[EventType "team-tourn"]
[EventCountry "GER"]
[SourceTitle "playchess.com"]
[Source "ChessBase"]
[SourceQuality "1"]
[TimeControl "40/6000+30:3000+30"]

1. e4 e5 2. Nf3 Nc6 3. Bb5 a6 4. Ba4 Nf6 5. O-O Be7 6. Re1 b5 7. Bb3 O-O 8. c3 d5 9. exd5 Nxd5 10. Nxe5 Nxe5 11. Rxe5 Bb7 12. d4 Bf6 {[%emt 0:00:16] C89: Closed Ruy Lopez: Marshall Attack.} 13. Re1 Re8 14. Na3 b4 15. cxb4 Nxb4 16. Be3 a5 17. Nb5 $146 ({Predecessor:} 17. Rc1 Nd5 18. Nc4 Nxe3 19. Nxe3 Re7 20. Qh5 a4 21. Bc4 g6 22. Qb5 c6 23. Qb4 Qxd4 {1-0 Tsaruk,M (2334)-Matlakov,M (2671) Wch Rapid Almaty 2022 (7)}) 17... Nd5 18. Nc3 Nxe3 19. fxe3 c5 {[%emt 0:06:06] [#]} 20. Bxf7+ (20. dxc5 $1 $16 {[%cal Ob3f7] Hoping for Bxf7+!} Qe7 (20... Bxc3 21. Qxd8) 21. Qd6) 20... Kxf7 $11 21. Qb3+ (21. dxc5 $2 {perishes.} Qxd1 22. Raxd1 Bxc3 23. bxc3 Bc6 $19) 21... Kf8 $1 22. Qxb7 cxd4 23. Nd5 Rb8 24. Qc6 Kg8 (24... Be5 $1 $11) 25. Nxf6+ $16 gxf6 26. Rad1 (26. exd4 {simplifies} Rxe1+ 27. Rxe1 Qxd4+ 28. Kh1) 26... Qb6 27. Qd5+ Qe6 28. Qxd4 Rb4 29. Qc3 Rc8 30. Qd2 Qxa2 31. Qd7 Rf8 32. Re2 ({Better is} 32. Rd4 $16) 32... Rxb2 $14 33. Rxb2 Qxb2 34. Qd5+ Kh8 35. Qxa5 Rg8 36. g3 (36. Qd2 {simplifies} Qxd2 37. Rxd2 Kg7 38. Ra2) 36... Qe2 37. Re1 (37. Qd2 {simplifies} Qxd2 38. Rxd2 Kg7 39. Kg2) 37... Qf3 38. Qd2 Re8 39. Qd4 Re4 40. Qb2 Kg7 41. Qf2 Qxf2+ 42. Kxf2 Ra4 43. Kf3 h5 44. Rd1 Ra2 45. h3 Kg6 46. Rd4 Rh2 47. Ra4 Rh1 48. Kg2 Re1 49. Kf2 Rb1 50. h4 Rb2+ 51. Kf3 Rh2 52. Ra5 Rh1 53. Kg2 Re1 54. Kf3 Rh1 $1 55. Kg2 Re1 $1 56. Kf3 (56. Kf2 $14 Rc1 57. Ra2) 1/2-1/2

[Event "German Bundesliga 2023-24"]
[Site "Germany"]
[Date "2024.02.23"]
[Round "9.10"]
[White "Shengelia, David"]
[Black "Huschenbeth, Niclas"]
[Result "1/2-1/2"]
[ECO "E53"]
[WhiteElo "2494"]
[BlackElo "2605"]
[Annotator "TA"]
[PlyCount "61"]
[EventDate "2023.10.20"]
[EventType "team-tourn"]
[EventCountry "GER"]
[SourceTitle "playchess.com"]
[Source "ChessBase"]
[SourceQuality "1"]
[TimeControl "40/6000+30:3000+30"]

1. d4 Nf6 2. c4 e6 3. Nc3 Bb4 4. e3 O-O 5. Nf3 c5 6. Bd3 d5 7. cxd5 exd5 8. dxc5 Bg4 9. O-O Nbd7 10. Na4 Nxc5 11. Nxc5 Bxc5 12. h3 Bh5 13. b3 Qe7 14. Bb2 Ne4 15. Be2 Rad8 16. Nd4 Bg6 17. Rc1 a6 18. Bd3 Bd6 19. Ne2 Rfe8 20. Bd4 Qg5 21. f4 (21. f3 $5 Nf6 22. Qd2 $11) 21... Qe7 22. Bxe4 (22. Nc3 {feels hotter.} Ng3 23. Rf3 Qh4 24. Qe1) 22... Bxe4 23. Ng3 Ba3 24. Nxe4 {[%emt 0:03:20] [#] Hoping for Bc5.} Bxc1 25. Nf6+ $1 gxf6 26. Qg4+ Kh8 27. Rxc1 {[%emt 0:00:04][%cal Oc1c7] Black must now prevent Rc7!} Rd6 $1 28. Kh2 Rg8 {[%emt 0:02:47] [#]} 29. Kh1 $2 Rg6 $2 (29... Rxg4 $19 30. hxg4 Rc6) 30. Qf5 (30. Qc8+ $1 $11 Kg7 31. g4) 30... Rd8 (30... Qe4 $15 31. Qxe4 dxe4) 31. Rc8 {[%emt 0:00:06] Weighted Error Value: White=0.34/Black=0.27 (precise) .  Loses game:     	White=1     	---        Missed win:     	---       	Black=1      Mistake:       	White=1     	---        OK:         	White=9     	Black=11     Best:        	White=2     	---        Strong:       	White=1     	Black=1} 1/2-1/2

[Event "German Bundesliga 2023-24"]
[Site "Germany"]
[Date "2024.02.23"]
[Round "9.11"]
[White "Idani, Pouya"]
[Black "Kindermann, Stefan"]
[Result "1-0"]
[ECO "C02"]
[WhiteElo "2633"]
[BlackElo "2444"]
[Annotator "TA"]
[PlyCount "93"]
[EventDate "2023.10.20"]
[EventType "team-tourn"]
[EventCountry "GER"]
[SourceTitle "playchess.com"]
[Source "ChessBase"]
[SourceQuality "1"]
[TimeControl "40/6000+30:3000+30"]

1. e4 e6 2. d4 d5 3. e5 c5 4. c3 Nc6 5. Nf3 Bd7 6. Be2 Nge7 7. O-O cxd4 8. cxd4 Nf5 9. Nc3 Rc8 10. Kh1 a6 {[%emt 0:02:32] C02: French: Advance Variation.} 11. a3 h5 12. Be3 $146 ({Predecessor:} 12. Bg5 Be7 13. Bxe7 Qxe7 14. Na4 O-O 15. Nc5 Be8 16. b4 a5 17. Qd2 b6 18. Na6 axb4 19. Nxb4 {0-1 Schneider,J (2208)-Kosic,D (2443) Oberliga Bayern 1920 2019 (1.1)}) 12... Be7 13. Bd3 g6 14. Bxf5 gxf5 15. Ne1 Na5 16. Nd3 Qb6 17. Rb1 Bb5 18. Nxb5 Qxb5 19. b4 Nc4 $1 20. a4 Qc6 21. Bc1 Nb6 22. Nc5 Nc4 23. Qf3 h4 24. g4 hxg3 25. fxg3 b6 26. b5 axb5 27. axb5 Qa8 28. Na6 Kd7 29. Ra1 Qb7 30. Ra2 f6 31. exf6 $1 Bxf6 32. Bf4 Bxd4 33. Nb4 Na5 (33... Rc5 $1 $11) 34. Rd1 (34. Re2 $14) 34... Rc4 35. Nc6 Nxc6 36. bxc6+ Qxc6 (36... Kxc6 $2 37. Rxd4 Rxd4 38. Qc3+ Rc4 39. Qxh8 $18) 37. Ra7+ Ke8 38. Re1 (38. Rc7 $5 Qa4 $8 39. Rxd4 $11) 38... Kf8 $2 {[%emt 0:04:34] [#]} (38... Bc3 $11 39. Rc7 Bxe1 40. Rxc6 Rxc6) 39. Rc7 $2 (39. Qe2 $1 $18 ) 39... Qa4 (39... Rc2 $2 40. h4 Qa4 41. Qd1 $18 (41. Rxe6 Qa1+)) (39... Qe8 $1 $11) 40. Bd6+ (40. Rxe6 Qa1+) (40. Rb7 $1 $14 Bf6 41. Rb8+ (41. Rxb6 Re4 $11) (41. Rxe6 Qa1+ 42. Kg2 Rc2+ 43. Re2 Qa2 $11) 41... Ke7 (41... Kf7 $2 42. Rxh8 Bxh8 43. Qh5+ Ke7 44. Qh7+ Kd8 45. Qxh8+ Kd7 46. Qg7+ Kc6 47. Rxe6+ Kb5 48. Qd7+ Ka6 49. Qxd5 $18) 42. Qxd5 (42. Rxb6 Re4 $11)) 40... Kg8 $11 41. Rb7 $1 Qc6 42. Rb8+ Kg7 $2 (42... Kf7 $11 43. Rxh8 Bxh8 44. Qh5+ Kg8 45. Qg6+ (45. Rxe6 $2 {too greedy.} d4+ 46. Kg1 Rc1+ 47. Kf2 Rc2+ 48. Re2 Rxe2+ 49. Kxe2 d3+ 50. Kxd3 Qxd6+ $19) 45... Bg7 46. Qxe6+ Kh8 47. Qxf5 d4+ 48. Re4 (48. Kg1 Rc1 $11) 48... Rc1+ 49. Kg2 Re1 (49... Rc2+ $2 50. Kh3 $18) 50. Qh3+ Kg8 51. Qe6+ Kh7 (51... Kh8 52. Qh3+ Kg8 53. Qe6+ Kh7 54. Qh3+ Kg8 $11) 52. Qh3+ Bh6 53. Qf5+ Kg7 54. Be5+ Kg8 55. Qg4+ Kh7 56. Qf5+ Kg8 57. Qg4+ Kh7 58. Qf5+ Kg8) 43. Rxh8 $18 Rc1 44. Qh5 Rxe1+ 45. Kg2 Qxd6 46. Qh6+ Kf7 47. Rh7+ 1-0

[Event "German Bundesliga 2023-24"]
[Site "Germany"]
[Date "2024.02.23"]
[Round "9.12"]
[White "Hertneck, Gerald"]
[Black "Santos Ruiz, Miguel"]
[Result "0-1"]
[ECO "D35"]
[WhiteElo "2441"]
[BlackElo "2593"]
[Annotator "TA"]
[PlyCount "116"]
[EventDate "2023.10.20"]
[EventType "team-tourn"]
[EventCountry "GER"]
[SourceTitle "playchess.com"]
[Source "ChessBase"]
[SourceQuality "1"]
[TimeControl "40/6000+30:3000+30"]

1. d4 Nf6 2. c4 e6 3. Nf3 d5 4. Nc3 c6 5. cxd5 exd5 6. Bg5 h6 7. Bf4 {[%emt 0:00:53] D35: Queen's Gambit Declined: Exchange Variation.} Bf5 8. e3 Nbd7 9. Bd3 Bxd3 10. Qxd3 Be7 11. h3 a5 12. O-O O-O 13. Bh2 $146 ({Predecessor:} 13. Ne5 Re8 14. Rae1 Bb4 15. Rc1 Nxe5 16. Bxe5 Nd7 17. Bg3 Qf6 18. a3 Bf8 19. Rce1 {1-0 Tiglon,B (2384)-Li,E (2403) San Jose Mission 360 GM/IM 3rd 2022 (7)}) 13... Re8 14. Rac1 Bf8 15. Ne5 Nxe5 16. Bxe5 Re6 17. Na4 Nd7 18. Bf4 Qf6 19. Bc7 h5 20. a3 Qg5 21. Kh1 h4 22. Qd2 Nf6 23. Nc3 Nh5 24. Ne2 a4 25. Nf4 Nxf4 26. Bxf4 Qe7 27. Rc5 Qd8 (27... g5 $5 28. Bh2 $8 g4 $11) 28. Rc3 g6 29. Ra1 Ra6 30. Kg1 Ra8 31. Rb1 Qe7 32. Qc2 Ra6 33. Qd1 Bg7 34. Qg4 Bf6 35. Rc5 Kg7 36. Rbc1 Re4 37. Qf3 {[%emt 0:03:19] [#]} (37. Rd1 $15) 37... g5 $1 $17 38. Qg4 (38. Bb8 $17 {was called for.}) 38... Bxd4 $19 39. R5c2 Bf6 40. f3 Re6 41. Kh1 Kf8 42. Bh2 Rxe3 43. Bg1 {[%emt 0:05:22] [#]} Re1 $1 44. g3 Rxc1 45. Rxc1 Qe6 (45... Bxb2 $2 46. Bc5 $18) 46. gxh4 Qxg4 ({Stronger than} 46... Bxb2 47. Qb4+ Kg8 48. Qxb2 Qxh3+ (48... gxh4 $2 {loses.} 49. Bh2 $18) 49. Qh2 Qxf3+ 50. Qg2 Qxg2+ (50... Qxa3 51. Qxg5+ Kh7 52. Bd4) 51. Kxg2 $11) (46... gxh4 47. Qf4 d4 (47... Bxb2 $2 48. Bc5+ Kg8 49. Rg1+ Bg7 50. Rg4 $18) (47... Qxh3+ 48. Bh2 $11) 48. Bh2) 47. hxg4 gxh4 ({Not} 47... Bxb2 48. Bc5+ Kg7 49. Rb1 $19) 48. Rb1 Ra5 49. b4 axb3 50. Rxb3 b5 51. Bc5+ (51. Kg2 $142) 51... Be7 $19 52. Bb4 Bxb4 53. axb4 Ra2 54. Rc3 Ke7 55. Rxc6 d4 56. f4 d3 57. Rc1 Re2 58. Rd1 d2 0-1

[Event "German Bundesliga 2023-24"]
[Site "Germany"]
[Date "2024.02.23"]
[Round "9.13"]
[White "Dragnev, Valentin"]
[Black "Zysk, Robert"]
[Result "1-0"]
[ECO "C05"]
[WhiteElo "2586"]
[BlackElo "2388"]
[Annotator "TA"]
[PlyCount "95"]
[EventDate "2023.10.20"]
[EventType "team-tourn"]
[EventCountry "GER"]
[SourceTitle "playchess.com"]
[Source "ChessBase"]
[SourceQuality "1"]
[TimeControl "40/6000+30:3000+30"]

1. e4 e6 2. d4 d5 3. Nd2 c5 4. Ngf3 Nf6 5. e5 Nfd7 6. c3 Be7 7. Bd3 b6 8. O-O Ba6 {[%emt 0:00:45] The position is equal.} 9. Ne1 Bxd3 10. Nxd3 Nc6 11. Qg4 g6 12. Nf3 h5 13. Qg3 Qc7 14. Be3 O-O-O 15. dxc5 Nxc5 16. Nxc5 Bxc5 17. Bxc5 bxc5 {[%emt 0:00:05] [#]} 18. b4 $1 h4 19. Qf4 (19. Nxh4 Nxe5 (19... cxb4 20. Rac1 $14) (19... Qxe5 20. bxc5 Rd7 21. Rab1 $11) 20. bxc5 Rh5) 19... Rh5 20. Rfe1 (20. bxc5 Nxe5 21. Nxe5 (21. Nxh4 $2 g5 $19) 21... Rxe5 $11) 20... Rf5 21. Qe3 ({But not} 21. Qxh4 Nxe5 22. Nxe5 Rxe5 $11) 21... c4 (21... cxb4 $14 22. cxb4 (22. Nxh4 Rxe5 23. Qd2 Rxe1+ 24. Rxe1 Qa5 $17) 22... Qb6) 22. Rad1 ({And not} 22. Nxh4 Rxe5 23. Qd2 Rxe1+ 24. Qxe1 g5 $17) (22. b5 $16 Rxf3 23. gxf3) 22... Rh5 23. b5 Ne7 24. Rb1 Qb6 25. Qf4 Nf5 26. Rb4 Rd7 27. Reb1 Rb7 28. a4 Rh8 29. Ra1 Qc5 30. Rab1 Qb6 $1 31. g4 hxg3 32. hxg3 Qd8 33. Kg2 Qf8 34. a5 $36 {[%emt 0:00:42][%cal Ba4a5,Ba5a6][%mdl 2080] White is really pushing.} Qh6 (34... Kb8 $16 35. Qg5 Qg8) 35. Qxh6 $18 Rxh6 36. a6 Rb6 37. Ng5 Kd7 38. Nxf7 Rh7 39. Ng5 Rh5 40. Nf3 {[%emt 0:01:54] [#] g4 is the strong threat.} Rh8 41. Rd1 Ke7 (41... g5 {was called for.} 42. Rxc4 (42. Nxg5 Rg8 $18) 42... Rxb5 43. Nxg5 Rb2) 42. Rbb1 {[%emt 0:01:20] Strongly threatening Rh1.} Kd7 43. Rg1 Rbb8 44. Kf1 Kc7 45. Ke2 Kb6 46. g4 (46. Rbd1 $18) 46... Nh4 $2 (46... Nh6 $16 {is a better chance.} 47. Ng5 Rbf8 48. Nxe6 Re8) 47. Ng5 Rbe8 48. Rg3 {[%emt 0:00:38] Weighted Error Value: White=0.13 (very precise) /Black=0.29 (precise) .  Loses game:     	---       	Black=1      Mistake:       	White=2     	Black=3      Inaccurate:     	White=1     	Black=4      OK:         	White=15    	Black=18     Best:        	White=4     	Black=2      Strong:       	---       	Black=1} 1-0

[Event "German Bundesliga 2023-24"]
[Site "Germany"]
[Date "2024.02.23"]
[Round "9.14"]
[White "Kruckenhauser, Arthur"]
[Black "Alonso Rosell, Alvar"]
[Result "1/2-1/2"]
[ECO "B11"]
[WhiteElo "2313"]
[BlackElo "2562"]
[Annotator "TA"]
[PlyCount "72"]
[EventDate "2023.10.20"]
[EventType "team-tourn"]
[EventCountry "GER"]
[SourceTitle "playchess.com"]
[Source "ChessBase"]
[SourceQuality "1"]
[TimeControl "40/6000+30:3000+30"]

1. e4 c6 2. Nf3 d5 3. Nc3 Bg4 4. h3 Bxf3 5. Qxf3 e6 6. Be2 Bc5 7. O-O Ne7 8. exd5 exd5 9. Rd1 O-O 10. d4 Bd6 11. Bd3 Nd7 12. Ne2 Bc7 13. h4 Re8 14. g3 Nf8 15. c3 Nc8 16. Bg5 Qd7 17. Bf5 {[%emt 0:11:26] This pair of bishops is nice.} Ne6 18. Bf4 Nd6 19. Bxd6 Qxd6 20. Re1 Re7 21. Kf1 Rae8 22. Ng1 g6 23. Bxe6 fxe6 24. Qg4 e5 25. dxe5 Rxe5 26. Nf3 Re4 27. Rxe4 dxe4 28. Ng5 Bb6 29. Re1 (29. Nxe4 Qd3+ 30. Qe2 Qxe2+ (30... Qxe4 $2 31. Qxe4 Rxe4 32. Rd1 $19) 31. Kxe2 Rxe4+ $19) 29... Qf6 {[%emt 0:05:58] [#]} (29... e3 $11 {keeps the balance.}) 30. Re2 (30. Rxe4 $2 Qxf2#) (30. Nxe4 $2 {is the wrong capture.} Rxe4 31. Qc8+ Kf7 32. Qxb7+ Qe7 33. Qxe7+ Rxe7 $19) (30. f3 $1 $16 e3 31. Ke2) 30... e3 $11 ({Much worse is} 30... Qf5 $6 31. Nxe4 (31. Rxe4 $2 Qxf2#) 31... Re6 32. Qxf5 gxf5 33. Ng5 Rxe2 34. Kxe2 $18) 31. Kg2 h6 {[%emt 0:12:14] [#]} (31... Qf5 $11 32. Qxf5 gxf5) 32. Nh3 ({Better is} 32. Ne4 $1 $16 Qe6 33. Qxe6+ Rxe6 34. f3) 32... Qf7 {[%emt 0:04:00] The position is equal.} 33. fxe3 Rxe3 34. Rxe3 Bxe3 35. Qe4 Bc1 36. b3 Bd2 {[%emt 0:07:02] Weighted Error Value: White=0.09 (flawless) /Black=0.15 (very precise) .  Mistake:       	White=2     	Black=2      Inaccurate:     	White=1     	Black=3      OK:         	White=11    	Black=13     Best:        	White=1     	---} 1/2-1/2

[Event "German Bundesliga 2023-24"]
[Site "Germany"]
[Date "2024.02.23"]
[Round "9.15"]
[White "Bischoff, Klaus"]
[Black "Zeller, Frank"]
[Result "1/2-1/2"]
[ECO "A07"]
[WhiteElo "2455"]
[BlackElo "2335"]
[Annotator "TA"]
[PlyCount "53"]
[EventDate "2023.10.20"]
[EventType "team-tourn"]
[EventCountry "GER"]
[SourceTitle "playchess.com"]
[Source "ChessBase"]
[SourceQuality "1"]
[TimeControl "40/6000+30:3000+30"]

1. g3 d5 2. Bg2 e5 3. Nf3 Nc6 4. d3 Be6 5. O-O f6 6. Nc3 Qd7 7. e4 {[%emt 0:02:11] [#] aiming for exd5.} d4 8. Ne2 {[%emt 0:01:30] Black is slightly better.} O-O-O 9. Ne1 h5 10. f4 h4 11. f5 Bf7 12. g4 g6 13. fxg6 Bxg6 14. h3 Qh7 ({Black should play} 14... Bf7 $15) 15. Bd2 Bh6 16. b4 Bxd2 17. Qxd2 Qh6 18. Qxh6 Rxh6 19. b5 Nce7 20. c3 dxc3 21. Nxc3 Be8 22. a4 c6 23. bxc6 Bxc6 24. Kf2 {[%emt 0:00:53] The position is equal.} Ng6 25. Ke3 Rh7 26. Rf2 Rhd7 27. Bf1 {[%emt 0:02:36] Weighted Error Value: White=0.07 (flawless) /Black=0.09 (flawless) .  Mistake:       	---       	Black=1      Inaccurate:     	White=2     	---        OK:         	White=11    	Black=7      Best:        	White=1     	Black=1} 1/2-1/2

[Event "German Bundesliga 2023-24"]
[Site "Germany"]
[Date "2024.02.23"]
[Round "9.16"]
[White "Gerigk, Erasmus"]
[Black "Lokander, Martin"]
[Result "0-1"]
[ECO "C58"]
[WhiteElo "2310"]
[BlackElo "2462"]
[Annotator "TA"]
[PlyCount "86"]
[EventDate "2023.10.20"]
[EventType "team-tourn"]
[EventCountry "GER"]
[SourceTitle "playchess.com"]
[Source "ChessBase"]
[SourceQuality "1"]
[TimeControl "40/6000+30:3000+30"]

1. e4 e5 2. Nf3 Nc6 3. Bc4 Nf6 4. Ng5 d5 5. exd5 Na5 6. Bb5+ Bd7 7. Qe2 Bd6 8. Nc3 c6 9. dxc6 Nxc6 10. Nge4 {[%emt 0:06:27] White has an edge.} Nxe4 11. Nxe4 Be7 12. c3 {[%emt 0:02:05] Wards off Nd4} f5 13. Ng3 O-O 14. d3 (14. O-O $14) 14... Kh8 $11 15. Bc4 Qc7 (15... Na5 $142) 16. O-O Rad8 17. b4 {[%emt 0:03:12] [#] Prevents Na5.} (17. Bb3 $14) 17... e4 $1 18. d4 {[%emt 0:16:06] [#]} (18. dxe4 f4) 18... Bxb4 19. cxb4 $14 {[%emt 0:02:43] Bb2 would now be deadly.} Nxd4 20. Qb2 {[%emt 0:01:48][%cal Oc1e3] Black must now prevent Be3!} Qxc4 21. Bg5 Qd5 22. Bxd8 Rxd8 23. Rac1 {[%emt 0:01:18] Rfd1 is the strong threat.} Bb5 {[%emt 0:02:28][%cal Of5f4] Strongly threatening ...f4!} 24. Rfd1 $1 Bd3 25. Qd2 h6 26. Kh1 Qd6 (26... Ne6 $1 $11) 27. Re1 (27. f3 $16) 27... Qg6 28. Qf4 Kh7 29. h4 (29. Qe5 $16) 29... Rf8 $11 30. a3 Ne6 31. Qe5 Rf6 $2 (31... f4 $1 $11 {and Black has nothing to worry.} 32. Nxe4 f3 33. gxf3 (33. g3 Kh8 $15) 33... Rf4 (33... Rxf3 $2 34. Qxe6 Qxe6 35. Ng5+ hxg5 36. Rxe6 $18)) 32. Rc8 $2 ({White should play} 32. Kg1 $18) 32... Qg4 33. h5 {[%emt 0:03:37] And now Qb8 would win.} f4 $1 34. Nxe4 Rf5 $40 {[%emt 0:01:20][%mdl 128] Black attacks. Chess con chili.} 35. Qc3 {[%emt 0:03:53][%mdl 8192] [#]} ({Reject} 35. Qxe6 Rxh5+ (35... Qxh5+ $2 {loses.} 36. Kg1 $18) 36. Kg1 Qxe6 $15) (35. Qb8 $11 Rxh5+ 36. Kg1 Bxe4 37. Rh8+ Kg6 38. Qe8+ Kf6 39. Rf8+ Nxf8 40. Qxf8+ Kg6 41. Qe8+ Kh7 42. Qxe4+ Rf5 43. Rc1) 35... f3 $1 36. Ng3 (36. Nf6+ Rxf6) 36... fxg2+ (36... Qh4+ $142 37. Kg1 Qxg3 38. Rh8+ Kxh8 39. Qc8+ Kh7 40. Qh8+ Kxh8 41. fxg3 f2+ 42. Kh2 Rxh5#) 37. Kh2 Nf4 38. Rc5 Qh4+ 39. Kg1 Nh3+ 40. Kh2 Nf4+ (40... g1=Q+ $142 41. Rxg1 Nf4#) 41. Kg1 $19 Nh3+ (41... Be4 $19 42. Qxg7+ Kxg7 43. Rc7+ Rf7 44. Rxf7+ Kxf7 45. Rxe4 Qg4 46. Rxf4+ Qxf4 47. Kxg2 Kg8) 42. Kh2 $1 g1=Q+ 43. Rxg1 Nf4# {[%emt 0:00:05] Weighted Error Value: White=0.51/Black=0.50.  Loses game:     	White=1     	Black=1      Mistake:       	White=5     	Black=3      Inaccurate:     	White=1     	Black=1      OK:         	White=6     	Black=11     Best:        	---       	Black=3      Strong:       	White=2     	Black=2} 0-1

[Event "German Bundesliga 2023-24"]
[Site "Germany"]
[Date "2024.02.23"]
[Round "9.17"]
[White "Anand, Viswanathan"]
[Black "Abasov, Nijat"]
[Result "1-0"]
[ECO "B30"]
[WhiteElo "2748"]
[BlackElo "2641"]
[Annotator "TA"]
[PlyCount "93"]
[EventDate "2023.10.20"]
[EventType "team-tourn"]
[EventCountry "GER"]
[SourceTitle "playchess.com"]
[Source "ChessBase"]
[SourceQuality "1"]
[TimeControl "40/6000+30:3000+30"]

1. e4 c5 2. Nf3 Nc6 3. Bb5 e6 4. O-O Nge7 5. Re1 b6 (5... a6 $11 6. Bf1 d5) 6. c3 $14 a6 7. Be2 d5 8. exd5 {[%emt 0:00:47] White has an edge.} Nxd5 9. d4 Be7 10. dxc5 bxc5 11. c4 Nf6 12. Qxd8+ Bxd8 13. Nc3 Nd4 14. Nxd4 cxd4 15. Bf3 Ra7 16. Na4 Ba5 17. Re2 Bd7 18. Nc5 Rc7 19. Re5 {[%emt 0:24:58][%cal Oc5d7] Black must now prevent Nxd7! White is much more active.} (19. Nb7 {seems wilder.} d3 20. Nxa5 dxe2 21. Bf4) 19... Bb6 20. Nxa6 Rxc4 21. b3 Rc3 22. Bd2 (22. Ba3 $14) 22... Rc2 $11 23. Ba5 Bxa5 24. Rxa5 Ke7 25. Nb4 Rc3 26. Rd1 $36 {[%emt 0:00:59][%mdl 2048] White has the initiative.} Rb8 27. Nd3 Rb5 28. Ra7 g5 29. h3 Kd6 30. b4 (30. Ra6+ {simplifies} Ke7 31. b4 Rxd3 32. Rxd3 Rxb4 33. Ra5) 30... h5 31. a4 Rb8 ({Black should play} 31... Rb6 $14) 32. b5 $16 g4 33. hxg4 hxg4 34. Be2 Be8 35. Ra6+ Kd5 36. f3 ({Better is} 36. g3 $1 $16) 36... g3 (36... gxf3 $1 $14 37. gxf3 (37. Bxf3+ Kc4 $18) 37... Ng8) 37. Bf1 $1 $18 Nh5 38. Nb4+ (38. Re1 $18 {Hoping for Re5+.} Nf6 39. Nf4+ Kc5 40. Ne2) 38... Ke5 $1 $14 39. Re1+ Kf5 {[%emt 0:08:11] [#]} 40. Rd6 $1 Ra8 {[%emt 0:00:43] [#]} (40... Re3 $142 41. Rd1 Nf6 42. R6xd4 Rc3) 41. Na6 $1 $18 (41. Rxd4 $6 Rxa4 42. b6 Rb3 $16) (41. Bd3+ Kg5 $14) 41... e5 $2 (41... Re3 42. Rd1 Nf4 (42... e5 $2 43. Nc7 $18) 43. R6xd4 (43. R1xd4 $2 {loses.} Re1 $19) 43... e5) 42. b6 (42. Nc7 $142 Rxa4 (42... Rxc7 $2 {too greedy.} 43. Bd3+ e4 44. Bxe4+ Kg5 45. Bxa8 $18) 43. Nxe8) 42... Rb3 $2 (42... Bc6) 43. Nc5 Re3 44. Rxe3 {[%emt 0:00:00] Intending b7 and mate.} dxe3 45. b7 Rb8 46. a5 Nf4 47. Ne4 {[%emt 0:00:00] Weighted Error Value: White=0.23 (precise) /Black=0.46.  Mistake:       	White=4     	Black=5      Inaccurate:     	White=5     	Black=8      OK:         	White=17    	Black=9      Best:        	White=3     	Black=3      Strong:       	White=1     	Black=1} 1-0